 Dungeon Crawl Stone Soup version 0.20.1-1-g8b1a95d (webtiles) character file.

189 keltmir the Changer (level 5, 0/40 HPs)
             Began as a Draconian Transmuter on Oct 29, 2017.
             Was an Initiate of Makhleb.
             Slain by a gnoll
             ... wielding a +0 spear
              (1 damage)
             ... on level 4 of the Dungeon.
             The game lasted 00:10:56 (3095 turns).

keltmir the Changer (Draconian Transmuter)          Turns: 3095, Time: 00:10:57

Health: 0/40       AC:  5    Str: 13    XL:     5   Next: 40%
Magic:  5/8        EV: 12    Int: 14    God:    Makhleb [......]
Gold:   136        SH:  0    Dex: 11    Spells: 4/8 levels left

rFire    . . .     SeeInvis .     - Unarmed
rCold    . . .     Gourm    .   (no shield)
rNeg     . . .     Faith    .   (armour unavailable)
rPois    +         Spirit   .   (helmet restricted)
rElec    .         Reflect  .   (no cloak)
rCorr    .         Harm     .   (no gloves)
MR       .....                  (no boots)
Stlth    +.........             (no amulet)
Regen    0.2/turn               e - ring of poison resistance
MPRegen  0.2/turn               (no ring)

@: very slightly contaminated
A: unfitting armour, cold-blooded, AC +5
a: Renounce Religion


You were on level 4 of the Dungeon.
You worshipped Makhleb.
Makhleb was noncommittal.
You were not hungry.

You visited 2 branches of the dungeon, and saw 5 of its levels.

You collected 136 gold pieces.

Inventory:

Missiles
 a - 41 arrows
Jewellery
 d - a +2 ring of intelligence {unknown}
 e - a ring of poison resistance (left hand)
 q - an uncursed amulet of rage {unknown}
Wands
 m - a wand of enslavement (10/24)
Scrolls
 h - a scroll of magic mapping
 j - a scroll of enchant armour
 s - a scroll of immolation {unknown}
Potions
 g - a potion of haste
 i - a potion of flight {unknown}
 k - 2 potions of curing {unknown}
 l - a potion of mutation {unknown}
 p - a potion of heal wounds
Books
 b - a book of Changes

   Spells                             Type                      Level
   a - Beastly Appendage              Transmutation                1
   b - Sticks to Snakes               Transmutation                2
   c - Spider Form                    Transmutation/Poison         3
   d - Ice Form                       Ice/Transmutation            4
   e - Blade Hands                    Transmutation                5
Comestibles
 c - 2 bread rations
 f - 3 meat rations
 n - a fruit
 o - a royal jelly
 r - 3 chunks of flesh


   Skills:
 - Level 1.1 Fighting
 - Level 1.7 Dodging
 - Level 3.0 Unarmed Combat
 - Level 2.0 Spellcasting
 + Level 5.7 Transmutations


You had 4 spell levels left.
You knew the following spells:

 Your Spells              Type           Power        Failure   Level  Hunger
a - Beastly Appendage     Tmut           ###...       2%          1    ##.....
b - Spider Form           Tmut/Pois      #.........   22%         3    ####...


Dungeon Overview and Level Annotations

Branches:
Dungeon (4/15)             Temple (1/1) D:4

Altars:
Ashenzari
Cheibriados
Dithmenos
Elyvilon
Fedhas
Hepliaklqana
Kikubaaqudgha
Makhleb
Okawaru
Qazlal
Ru
Sif Muna
Trog
Uskayaw
Vehumet
Xom
Yredelemnul
Zin

Annotations:
D:4 Pikel


Innate Abilities, Weirdness & Mutations

Your plain brown scales are hard. (AC +5)
You cannot fit into any form of body armour.
You are cold-blooded and may be slowed by cold attacks.


Message History

Something hits you!
* * * LOW HITPOINT WARNING * * *
Okay, then.
You feel much better. Something hits you but does no damage.
Casting: Spider Form
Confirm with . or Enter, or press ? or * to list all spells.
You miscast Spider Form.
You are very lightly contaminated with residual magic.
Wisps of poison gas drift from your hands.
Something hits you. The gnoll misses you. Something hits you!
You hit something but do no damage. The gnoll closely misses you.
You hit something. Something hits you!
* * * LOW HITPOINT WARNING * * *
The gnoll hits you from afar with a spear.
* * * LOW HITPOINT WARNING * * *
You hit something.
Your tail-slap misses something.
Something barely misses you.
The gnoll hits you from afar with a spear.
You die...

####.####.### ............##
.##..##......##########
.##..##.#.#...........#
.##..##.#.#.###...###.# #####
[##.......#.##.....##.####...#
.##.###.###.###.g.##.#.......###
........# #.# ##.####..........#
###.#######g# #@# ##.####.##.#
#..g.†....# #.# #.# #.##.#
#.######### ##+# #.# ##.##.#
##.## ##...## #.# #..##.#
#...### ##.....###.###.###.#
#.#.#.## ##.......##.........#
##......####.....(...####...####
...........+.........'.......#
####....####.........####...##


You could see a gnoll.

Vanquished Creatures
  3 slaves
  2 hounds
  A centaur skeleton (D:4)
  A gnoll (D:4)
  3 adders
  An ooze (D:3)
  2 dart slugs
  2 leopard geckos
  3 giant cockroaches
  10 goblins
  4 hobgoblins (D:1)
  5 jackals
  A ball python (D:3)
  4 bats
  2 frilled lizards
  10 kobolds
  6 rats
60 creatures vanquished.

Notes
Turn   | Place    | Note
-------+----------+-------------------------------------------
     0 | D:1      | keltmir the Draconian Transmuter began the quest for the Orb.
     0 | D:1      | Reached XP level 1. HP: 16/16 MP: 3/3
   215 | D:1      | Reached XP level 2. HP: 16/23 MP: 5/5
   455 | D:1      | Reached skill level 3 in Transmutations
   887 | D:2      | Found a shattered altar of Ashenzari.
   925 | D:2      | Reached XP level 3. HP: 27/28 MP: 4/6
   930 | D:2      | Learned a level 3 spell: Spider Form
  1445 | D:2      | Reached skill level 4 in Transmutations
  1886 | D:3      | Reached XP level 4. HP: 27/35 MP: 4/7
  2267 | D:4      | Found a staircase to the Ecumenical Temple.
  2277 | D:4      | Reached skill level 5 in Transmutations
  2277 | D:4      | Reached XP level 5. HP: 30/40 MP: 8/8
  2361 | Temple   | Entered the Ecumenical Temple
  2525 | Temple   | Became a worshipper of Makhleb the Destroyer
  2595 | D:4      | Noticed a slave
  2596 | D:4      | Noticed Pikel
  2596 | D:4      | Noticed a slave
  2596 | D:4      | Noticed a slave
  2606 | D:4      | Noticed a slave
  2669 | Temple   | Killed a slave
  2692 | Temple   | Killed a slave
  2812 | D:4      | Killed a slave
  3008 | D:4      | Found a shimmering altar of Xom.
  3094 | D:4      | HP: 1/40 [gnoll/spear (4)]
  3095 | D:4      | Slain by a gnoll

Skill      XL: |  1  2  3  4 |
---------------+-------------+-----
Transmutations | 3 4 5 |  5.7
Fighting       | |  1.1
Dodging        | |  1.7
Unarmed Combat | |  3.0
Spellcasting   | |  2.0

Action                   |  1- 3 |  4- 6 || total
-------------------------+-------+-------++-------
Melee: Unarmed           |   144 |    72 ||   216
       Tailslap          |    11 |     4 ||    15
       Headbutt          |     2 |       ||     2
       Punch             |     1 |       ||     1
 Cast: Beastly Appendage |     6 |     1 ||     7
       Spider Form       |     2 |     7 ||     9
  Use: Scroll            |     5 |     1 ||     6
       Potion            |       |     3 ||     3
 Stab: Sleeping          |     1 |       ||     1
  Eat: Chunk             |     4 |     1 ||     5
       Bread ration      |       |     1 ||     1
Armor: Skin              |    39 |    13 ||    52
Dodge: Dodged            |    89 |    68 ||   157
